[Event "Titled Tuesday Blitz April 18 Early 2023"]
[White "Timofeev, Artyom"]
[Black "So, Wesley"]
[WhiteFideId "4140419"]
[BlackFideId "5202213"]
[WhiteElo "2586"]
[BlackElo "2749"]
[Result "1/2-1/2"]
[Round "07"]
[TimeControl "180+2"]
[Date "2023.04.18"]
[WhiteClock "0:00:03"]
[BlackClock "0:00:06"]

1. e4 e5 2. Nf3 Nc6 3. Bb5 g6 4. c3 a6 5. Ba4 Bg7 6. d4 exd4 7. cxd4 Nge7 8. d5 b5 9. Bb3 Na5 10. O-O O-O 11. Nc3 d6 12. h3 b4 13. Ne2 Nxb3 14. axb3 c5 15. dxc6 Nxc6 16. Bg5 Qd7 17. Qd2 Re8 18. Ng3 Qe6 19. Bh6 Bh8 20. Be3 Qxb3 21. Nd4 Nxd4 22. Bxd4 Be5 23. Kh2 Bb7 24. f4 Bxd4 25. Qxd4 Rac8 26. Rf3 Qc4 27. Qxd6 Rcd8 28. Qf6 Qe6 29. Qg5 Qe7 30. Qh6 Bxe4 31. Re1 Qb7 32. Rxe4 Rxe4 33. Nh5 f5 34. Nf6+ Kh8 35. Nxe4 fxe4 36. Re3 Re8 37. Qg5 Qf7 38. Kg3 Qg7 39. b3 Qd4 40. Kf2 Qd2+ 41. Re2 Qd4+ 42. Re3 Rc8 43. Qe5+ Qxe5 44. fxe5 Rc2+ 45. Kf1 Rc1+ 46. Kf2 Rc2+ 47. Kf1 Kg7 48. Rxe4 a5 49. e6 Kf8 50. Re5 Ra2 51. Rb5 Ke7 52. Rb6 Ra3 53. Rb5 Kxe6 54. g4 Kd6 55. Ke2 Kc6 56. Re5 Kb6 57. Re3 a4 58. Re6+ Ka5 59. bxa4 Rc3 60. Re7 b3 61. Rxh7 Kxa4 62. Ra7+ Kb4 63. Rb7+ Ka3 64. Ra7+ Kb2 65. h4 Rh3 66. Rg7 Ka2 67. Rxg6 b2 68. Ra6+ Ra3 69. Rb6 Rb3 70. Ra6+ Ra3 71. Rb6 Rb3 72. Ra6+ Kb1 73. Rd6 Rh3 74. Rb6 Rxh4 75. Kf3 Kc2 76. Kf4 b1=Q 77. Rxb1 Kxb1 78. Kf5 Kc2 79. g5 Kd3 80. g6 Rh1 81. g7 Rg1 82. Kf6 Kd4 83. Kf7 Kd5 84. g8=Q Rxg8 85. Kxg8 1/2-1/2


[Site "https://www.chess.com"]

[Event "Titled Tuesday Blitz April 18 Early 2023"]
[White "Bluebaum, Matthias"]
[Black "Yeletsky, Ivan"]
[WhiteFideId "24651516"]
[BlackFideId "24180327"]
[WhiteElo "2638"]
[BlackElo "2422"]
[Result "0-1"]
[Round "07"]
[TimeControl "180+2"]
[Date "2023.04.18"]
[WhiteClock "0:00:03"]
[BlackClock "0:01:04"]

1. d4 d5 2. c4 e6 3. Nc3 c5 4. cxd5 cxd4 5. Qa4+ Bd7 6. Qxd4 exd5 7. Qxd5 Nf6 8. Qd1 Bc5 9. e3 Nc6 10. Nf3 Qe7 11. Be2 O-O 12. O-O Rad8 13. a3 Ne5 14. Nd4 h5 15. b4 Bd6 16. h3 Ng6 17. Bxh5 Qe5 18. f4 Qxh5 19. Qxh5 Nxh5 20. Bb2 Ng3 21. Rfd1 Rfe8 22. Kf2 Ne4+ 23. Nxe4 Rxe4 24. Nf3 Ba4 25. Rd2 Ree8 26. Rc1 Bb8 27. Bd4 Ne7 28. g4 Nd5 29. g5 Nxf4 30. exf4 Bxf4 31. Bc3 Bxd2 32. Bxd2 Bb5 33. Be3 Rd3 34. Re1 Rxa3 35. Nd4 Bd7 36. h4 Bg4 37. Nb5 Ra2+ 38. Kg3 Be2 39. Rxe2 Rxe2 40. Bxa7 Rb2 41. Nd6 Ra8 42. Bc5 Ra3+ 43. Kg4 b6 44. Bg1 Rxb4+ 45. Kh5 g6+ 46. Kh6 Rxh4# 0-1


[Site "https://www.chess.com"]

[Event "Titled Tuesday Blitz April 18 Early 2023"]
[White "Drygalov, Andrey"]
[Black "Andreikin, Dmitry"]
[WhiteFideId "24171735"]
[BlackFideId "4158814"]
[WhiteElo "2466"]
[BlackElo "2736"]
[Result "0-1"]
[Round "07"]
[TimeControl "180+2"]
[Date "2023.04.18"]
[WhiteClock "0:00:09"]
[BlackClock "0:01:04"]

1. e4 c5 2. Nf3 Nc6 3. Bb5 Nf6 4. Bxc6 dxc6 5. d3 Bg4 6. h3 Bh5 7. g4 Bg6 8. Qe2 Nd7 9. e5 e6 10. Nc3 h5 11. Rg1 hxg4 12. hxg4 c4 13. dxc4 Qa5 14. Bd2 Bb4 15. O-O-O Bxc3 16. Bxc3 Qxa2 17. Qe3 O-O-O 18. Rd6 Nb6 19. Qc5 Nxc4 20. Kd1 Qb1+ 21. Ke2 Qxc2+ 22. Kf1 Nxd6 0-1


[Site "https://www.chess.com"]

[Event "Titled Tuesday Blitz April 18 Early 2023"]
[White "Tang, Andrew"]
[Black "Zakhartsov, Vladimir"]
[WhiteFideId "2059630"]
[BlackFideId "4145097"]
[WhiteElo "2596"]
[BlackElo "2497"]
[Result "1-0"]
[Round "07"]
[TimeControl "180+2"]
[Date "2023.04.18"]
[WhiteClock "0:00:04"]
[BlackClock "0:00:21"]

1. d4 d5 2. Bf4 Nf6 3. e3 c5 4. dxc5 Qa5+ 5. Nd2 Qxc5 6. Ngf3 Bg4 7. a3 e6 8. c4 Bd6 9. Rc1 e5 10. b4 Qc7 11. cxd5 Qe7 12. Bg5 Nbd7 13. Be2 O-O 14. e4 a5 15. O-O axb4 16. axb4 Bxb4 17. h3 Bh5 18. Rb1 b6 19. Nc4 Bg6 20. Bd3 h6 21. Bxf6 Nxf6 22. Ncxe5 Bd6 23. Nc6 Qc7 24. e5 Nxd5 25. Bxg6 Nc3 26. Qxd6 Qxd6 27. exd6 Nxb1 28. Bxb1 Rac8 29. Ne7+ Kh8 30. Nxc8 Rd8 31. Ne5 Rxc8 32. d7 f6 33. dxc8=Q# 1-0


[Site "https://www.chess.com"]

[Event "Titled Tuesday Blitz April 18 Early 2023"]
[White "Pichot, Alan"]
[Black "Bortnyk, Olexandr"]
[WhiteFideId "110973"]
[BlackFideId "14120828"]
[WhiteElo "2573"]
[BlackElo "2734"]
[Result "1-0"]
[Round "07"]
[TimeControl "180+2"]
[Date "2023.04.18"]
[WhiteClock "0:00:20"]
[BlackClock "0:00:07"]

1. e4 Nf6 2. e5 Nd5 3. d4 d6 4. Nf3 dxe5 5. Nxe5 c6 6. Bc4 Nd7 7. Nxd7 Bxd7 8. O-O Bf5 9. c3 e6 10. Re1 Bd6 11. Nd2 O-O 12. h3 Nf6 13. Nf3 h6 14. Ne5 Qc7 15. Qf3 c5 16. g4 cxd4 17. cxd4 Bh7 18. Bb3 Nd5 19. Bd2 Rad8 20. Rac1 Qb6 21. Bc3 Nxc3 22. bxc3 Qc7 23. Re3 Bxe5 24. dxe5 Rd2 25. Qf4 Rfd8 26. h4 Qe7 27. Rf3 g5 28. hxg5 hxg5 29. Qh2 Bg6 30. Qh6 Qf8 31. Qxg5 Qg7 32. Re1 Bc2 33. Qf4 a5 34. Kg2 b5 35. Rh1 a4 36. Bxc2 Rxc2 37. Rh5 Kf8 38. Rh8+ Ke7 39. Qf6+ Qxf6 40. exf6+ Kd7 41. Rd3+ Kc6 42. Rhxd8 Rxa2 43. Rc8+ Kb7 44. Rf8 a3 45. Rxf7+ 1-0


[Site "https://www.chess.com"]

[Event "Titled Tuesday Blitz April 18 Early 2023"]
[White "Rustemov, Alexander"]
[Black "Puranik, Abhimanyu"]
[WhiteFideId "4119002"]
[BlackFideId "5061245"]
[WhiteElo "2875"]
[BlackElo "2477"]
[Result "0-1"]
[Round "07"]
[TimeControl "180+2"]
[Date "2023.04.18"]
[WhiteClock "0:00:24"]
[BlackClock "0:00:54"]

1. d4 Nf6 2. c4 g6 3. Nf3 Bg7 4. g3 O-O 5. Bg2 c6 6. O-O d5 7. cxd5 cxd5 8. Ne5 Nc6 9. Nc3 e6 10. Bf4 Nd7 11. Nxc6 bxc6 12. Rc1 Ba6 13. Qd2 Rc8 14. Na4 Bb5 15. Nc5 Nxc5 16. Rxc5 Qb6 17. Rfc1 Rfe8 18. e3 f6 19. g4 e5 20. Bg3 e4 21. Bf1 Bf8 22. R5c2 Bxf1 23. Kxf1 Red8 24. Kg2 c5 25. dxc5 Rxc5 26. Rxc5 Bxc5 27. Qc2 Bd6 28. Bxd6 Qxd6 29. Qc7 d4 30. Qxa7 d3 31. Rc7 Qe6 32. Rg7+ Kf8 33. h3 f5 34. Rxh7 Qf6 35. h4 fxg4 36. h5 d2 37. hxg6 Qf3+ 38. Kh2 Qxf2+ 0-1


[Site "https://www.chess.com"]

[Event "Titled Tuesday Blitz April 18 Early 2023"]
[White "Pranesh M"]
[Black "Bachmann, Axel"]
[WhiteFideId "35028600"]
[BlackFideId "3700488"]
[WhiteElo "2437"]
[BlackElo "2605"]
[Result "0-1"]
[Round "07"]
[TimeControl "180+2"]
[Date "2023.04.18"]
[WhiteClock "0:00:08"]
[BlackClock "0:00:09"]

1. e4 Nc6 2. d4 d6 3. d5 Nb8 4. Nc3 Nf6 5. Nf3 c6 6. a4 g6 7. Bc4 Bg7 8. O-O O-O 9. a5 Re8 10. a6 b5 11. Bb3 b4 12. Na4 Bxa6 13. Re1 cxd5 14. exd5 Nbd7 15. Nd4 Bb7 16. c3 bxc3 17. Nxc3 Nc5 18. Bc4 a6 19. b4 Ncd7 20. Nc6 Bxc6 21. dxc6 Ne5 22. Rxe5 dxe5 23. Qb3 e6 24. Bxa6 Nd5 25. Nxd5 exd5 26. b5 Qb6 27. Qxd5 Red8 28. Qb3 e4 29. Rb1 Rxa6 30. Be3 Bd4 31. bxa6 Bxe3 32. fxe3 Qxa6 33. c7 Rc8 34. Qb8 Kg7 35. Qb2+ Qf6 36. Qb7 Qe6 37. Rd1 Qg4 38. Rd8 Qe2 39. Qb1 Qxe3+ 40. Kh1 Rxc7 41. Rd1 Qf4 42. h3 Qe5 43. Rf1 e3 44. Re1 e2 45. Qb6 Rd7 46. Qf2 Rd1 47. h4 Rxe1+ 48. Qxe1 h5 49. Kg1 Qd4+ 50. Kh2 Qd1 51. Qg3 e1=Q 52. Qf4 Qh1+ 53. Kg3 Qde1+ 54. Qf2 Qxh4+ 55. Kxh4 Qxf2+ 56. Kh3 g5 57. Kh2 g4 58. Kh1 h4 59. Kh2 Qf1 60. g3 Qh3+ 61. Kg1 Qxg3+ 62. Kh1 Qf3+ 63. Kh2 h3 64. Kg1 Qg2# 0-1


[Site "https://www.chess.com"]

[Event "Titled Tuesday Blitz April 18 Early 2023"]
[White "Ibarra Jerez, Jose Carlos"]
[Black "Mammadov, Zaur"]
[WhiteFideId "2226332"]
[BlackFideId "13401033"]
[WhiteElo "2638"]
[BlackElo "2441"]
[Result "0-1"]
[Round "07"]
[TimeControl "180+2"]
[Date "2023.04.18"]
[WhiteClock "0:00:06"]
[BlackClock "0:00:23"]

1. e4 c6 2. Nf3 d5 3. d3 Qc7 4. d4 dxe4 5. Ng5 Nf6 6. Nc3 Bf5 7. Bc4 e6 8. f3 Bb4 9. O-O e3 10. Bxe3 Bd6 11. f4 O-O 12. h3 h6 13. Nf3 Bxf4 14. Bxf4 Qxf4 15. Ne5 Qg5 16. Qe1 Bxh3 17. Rf2 Bf5 18. Rf3 Nbd7 19. Rg3 Qf4 20. Ne2 Qe4 21. Bd3 Qd5 22. c4 Qd6 23. Bxf5 exf5 24. Nxd7 Qxd7 25. Rd1 Rfe8 26. Qf1 Rad8 27. Rf3 g6 28. Nf4 Ng4 29. Qd3 Qe7 30. Qc3 Qh4 31. Nh3 Re2 32. d5 cxd5 33. cxd5 Rde8 34. d6 Ne3 35. Rxe3 R8xe3 36. Qc8+ Kh7 37. Qxb7 Re1+ 38. Rxe1 Qxe1+ 39. Kh2 Qg3+ 40. Kh1 Re1+ 41. Ng1 Qh4# 0-1


[Site "https://www.chess.com"]

[Event "Titled Tuesday Blitz April 18 Early 2023"]
[White "Smirnov, Pavel"]
[Black "Alekseenko, Kirill"]
[WhiteFideId "4123425"]
[BlackFideId "4135539"]
[WhiteElo "2519"]
[BlackElo "2683"]
[Result "1-0"]
[Round "07"]
[TimeControl "180+2"]
[Date "2023.04.18"]
[WhiteClock "0:00:02"]
[BlackClock "0:00:06"]

1. d4 d5 2. c4 dxc4 3. Nf3 a6 4. e3 Bg4 5. Bxc4 e6 6. h3 Bh5 7. O-O Nf6 8. Nc3 Nc6 9. Qe2 Na5 10. Bd3 c5 11. Rd1 cxd4 12. exd4 Be7 13. d5 exd5 14. g4 Bg6 15. Bxg6 hxg6 16. g5 Nh5 17. Nxd5 Nc6 18. Be3 O-O 19. Nb6 Qe8 20. Nxa8 Qxa8 21. Rd7 Re8 22. Qc4 Nd8 23. Rad1 Ne6 24. Qe4 Qc8 25. Qxb7 Qc2 26. Qb3 Qf5 27. Qd5 Qxh3 28. Nh2 Nef4 29. Qf3 Qh4 30. Qg4 Bxg5 31. Qxh4 Bxh4 32. Nf3 Bf6 33. b4 g5 34. Kf1 g4 35. Nh2 g3 36. Ng4 g2+ 37. Kg1 Bh4 38. Bxf4 Nxf4 39. Ne3 Re6 40. R7d6 Re5 41. R6d4 Ne2+ 42. Kxg2 Nxd4 43. Rxd4 Bf6 44. Rd5 Re4 45. a3 g6 46. Rd6 Bd4 47. Rxa6 f5 48. b5 Re5 49. a4 f4 50. Ng4 Rc5 51. Kf3 g5 52. Ke4 Bg7 53. f3 Kf7 54. b6 Ke6 55. b7+ Kd7 56. b8=Q 1-0


[Site "https://www.chess.com"]

[Event "Titled Tuesday Blitz April 18 Early 2023"]
[White "Rodshtein, Maxim"]
[Black "Durarbayli, Vasif"]
[WhiteFideId "2806851"]
[BlackFideId "13402935"]
[WhiteElo "2555"]
[BlackElo "2551"]
[Result "1-0"]
[Round "07"]
[TimeControl "180+2"]
[Date "2023.04.18"]
[WhiteClock "0:00:15"]
[BlackClock "0:00:01"]

1. b3 d5 2. Bb2 c5 3. e4 dxe4 4. Nc3 Nf6 5. Bb5+ Nc6 6. Bxc6+ bxc6 7. Qe2 Bf5 8. O-O-O e6 9. h3 a5 10. g4 Bg6 11. a4 Qb6 12. f3 exf3 13. Nxf3 Rb8 14. d3 c4 15. dxc4 Bc5 16. Ne5 Be3+ 17. Rd2 Rd8 18. Nb1 Ne4 19. Rd1 Nxd2 20. Nxd2 O-O 21. Nxc6 Rxd2 22. Ne7+ Kh8 23. Rxd2 Rd8 24. Nxg6+ hxg6 25. Bc3 Bxd2+ 26. Bxd2 Qd4 27. c3 Qb6 28. Kb2 Kg8 29. Be3 Qd6 30. Bd4 f6 31. Qe4 e5 32. c5 Qd7 33. Be3 Kh7 34. c6 Qc7 35. b4 axb4 36. cxb4 Ra8 37. b5 Qa5 38. Kb3 Rd8 39. Qc2 f5 40. gxf5 gxf5 41. Qxf5+ Kh8 42. Qc2 Qe1 43. Bc5 Qg3+ 44. Kb4 Qf4+ 45. Qc4 e4 46. b6 Rc8 47. Kb5 Qe5 48. b7 Rb8 49. Kb6 e3 50. Qh4+ Kg8 51. Qc4+ Kh7 52. c7 1-0


[Site "https://www.chess.com"]

[Event "Titled Tuesday Blitz April 18 Early 2023"]
[White "Fier, Alexandr"]
[Black "Chigaev, Maksim"]
[WhiteFideId "2107139"]
[BlackFideId "4108116"]
[WhiteElo "2610"]
[BlackElo "2547"]
[Result "1-0"]
[Round "07"]
[TimeControl "180+2"]
[Date "2023.04.18"]
[WhiteClock "0:00:41"]
[BlackClock "0:00:01"]

1. d4 Nf6 2. Bg5 g6 3. Nf3 Bg7 4. Nbd2 O-O 5. e4 d6 6. Be2 Nc6 7. c3 Qe8 8. O-O e5 9. dxe5 Nxe5 10. Re1 h6 11. Bh4 Bd7 12. Bg3 Nh5 13. Nc4 Nxg3 14. hxg3 Rd8 15. Ncxe5 dxe5 16. Qb3 Bc6 17. Bc4 Kh7 18. Bd5 Bxd5 19. exd5 b6 20. Qc4 Qe7 21. Nxe5 Bxe5 22. f4 f6 23. fxe5 fxe5 24. Re2 Qd6 25. Rae1 Rde8 26. a4 Re7 27. b4 h5 28. Re4 Rf5 29. Kh2 Kg7 30. Qb5 Ref7 31. a5 g5 32. a6 Kh6 33. Qd3 Kg7 34. c4 Qf6 35. Qe3 Re7 36. c5 bxc5 37. bxc5 Qxa6 38. Qc3 Qf6 39. Rd1 h4 40. d6 cxd6 41. Rxd6 hxg3+ 42. Qxg3 Re6 43. Rd7+ Re7 44. Rd6 Re6 45. Qd3 Qh6+ 46. Kg1 Rf4 47. Rd7+ Kf6 48. Rxa7 Qf8 49. Rc4 Qc8 50. Qh7 e4 51. Qg7+ Kf5 52. Rf7+ Kg4 53. Qh7 Rg6 54. Qh3# 1-0


[Site "https://www.chess.com"]

[Event "Titled Tuesday Blitz April 18 Early 2023"]
[White "Gupta, Abhijeet"]
[Black "Szpar, Milosz"]
[WhiteFideId "5010608"]
[BlackFideId "1184989"]
[WhiteElo "2528"]
[BlackElo "2436"]
[Result "1-0"]
[Round "07"]
[TimeControl "180+2"]
[Date "2023.04.18"]
[WhiteClock "0:00:20"]
[BlackClock "0:00:01"]

1. d4 Nf6 2. Nf3 d5 3. Bf4 e6 4. e3 c5 5. c3 Nc6 6. Nbd2 cxd4 7. exd4 Nh5 8. Be3 Bd6 9. Ne5 g6 10. Nd3 O-O 11. g3 Bd7 12. Bg2 f5 13. Nf3 f4 14. Bd2 fxg3 15. hxg3 Qf6 16. Qe2 b5 17. Nfe5 Bxe5 18. dxe5 Qf7 19. O-O-O b4 20. Kb1 bxc3 21. Bxc3 Rab8 22. Ka1 Rb6 23. Rh4 Rfb8 24. Rdh1 d4 25. Be1 Ne7 26. g4 Bb5 27. gxh5 Bxd3 28. hxg6 Bxg6 29. b3 Nf5 30. Rg4 Qc7 31. Ba5 Qc5 32. Bxb6 axb6 33. Qd2 Rc8 34. Kb2 Ne3 35. fxe3 dxe3 36. Rxg6+ hxg6 37. Qd3 Qxe5+ 38. Kb1 e2 39. Re1 Rc3 40. Qxg6+ Kf8 41. Qh6+ Ke7 42. Qh4+ Kd7 43. Qa4+ Ke7 44. Qb4+ Kf6 45. Qe4 Qxe4+ 46. Bxe4 Re3 47. Bc6 Ke5 48. Bb5 Kd4 49. Rxe2 1-0


[Site "https://www.chess.com"]

[Event "Titled Tuesday Blitz April 18 Early 2023"]
[White "Bocharov, Dmitry"]
[Black "Demchenko, Anton"]
[WhiteFideId "4138716"]
[BlackFideId "4160258"]
[WhiteElo "2469"]
[BlackElo "2545"]
[Result "1-0"]
[Round "07"]
[TimeControl "180+2"]
[Date "2023.04.18"]
[WhiteClock "0:00:19"]
[BlackClock "0:00:02"]

1. d4 Nf6 2. c4 d6 3. Nf3 Nc6 4. d5 Ne5 5. Nc3 e6 6. e4 Be7 7. Be2 O-O 8. O-O Nxf3+ 9. Bxf3 e5 10. Be3 h6 11. b4 Nh7 12. c5 Bg5 13. Qd2 f5 14. exf5 Bxf5 15. Rac1 Bxe3 16. Qxe3 a6 17. a4 Qh4 18. Be4 Ng5 19. f3 Bxe4 20. fxe4 Rf4 21. g3 Qg4 22. Kh1 Qh3 23. Qe2 Rff8 24. a5 Qd7 25. Kg2 Qh3+ 26. Kg1 Qd7 27. Rxf8+ Rxf8 28. Rf1 Rxf1+ 29. Kxf1 Qh3+ 30. Kg1 Qc8 31. h4 Nh7 32. Qf3 Nf6 33. Kg2 Qb8 34. Qf5 Kh8 35. g4 Qd8 36. Kh3 Ng8 37. g5 Ne7 38. Qf7 hxg5 39. hxg5 Qd7+ 40. Kh4 Qd8 41. Kg4 Ng8 42. Qh5+ Nh6+ 43. gxh6 Qd7+ 44. Qf5 Qe7 45. hxg7+ Qxg7+ 46. Qg5 Qd7+ 47. Kg3 Qe8 48. Qh4+ Kg8 49. Qg4+ Kh8 50. cxd6 cxd6 51. Nd1 Qa4 52. Ne3 Qxb4 53. Qh5+ Kg8 54. Qg6+ Kh8 55. Nf5 Qe1+ 56. Kg4 Qg1+ 57. Kh5 Qh2+ 58. Kg5 Qg2+ 59. Kf6 Qxg6+ 60. Kxg6 Kg8 61. Nxd6 1-0


[Site "https://www.chess.com"]

[Event "Titled Tuesday Blitz April 18 Early 2023"]
[White "Mahdavi, Reza"]
[Black "Sadhwani, Raunak"]
[WhiteFideId "12595926"]
[BlackFideId "35093487"]
[WhiteElo "2357"]
[BlackElo "2631"]
[Result "0-1"]
[Round "07"]
[TimeControl "180+2"]
[Date "2023.04.18"]
[WhiteClock "0:00:02"]
[BlackClock "0:00:05"]

1. Nf3 g6 2. g3 Bg7 3. d4 b5 4. Bg2 Bb7 5. b3 Nf6 6. Bb2 O-O 7. O-O d6 8. Nbd2 Nbd7 9. c4 bxc4 10. Nxc4 a5 11. Rc1 c5 12. dxc5 Nxc5 13. Bd4 Ne6 14. Bb6 Qb8 15. Be3 Ra6 16. Qd2 Ne4 17. Qe1 Rc8 18. Qd1 a4 19. Nb6 Rxc1 20. Qxc1 Nc3 21. Qd2 axb3 22. axb3 Bc6 23. Rc1 Ne4 24. Qc2 N4c5 25. b4 Rxb6 26. bxc5 Rb2 27. Qd1 dxc5 28. Bxc5 Nxc5 29. Rxc5 Qb6 30. Rc1 Bf6 31. Rc2 Rb1 32. Rc1 Rb2 33. Kf1 Kg7 34. Rc2 Rb1 35. Rc1 Rb2 36. Rc2 Rb4 37. Rc1 Ba4 38. Qe1 Rb2 39. Kg1 Bb5 40. Bf1 Ba6 41. Rd1 h5 42. h4 Bb7 43. Kg2 e5 44. Rd2 e4 45. Rxb2 exf3+ 46. exf3 Qxb2 47. Bd3 Qb6 48. Be4 Qe6 49. Qb1 Bd5 50. Qd3 Bc4 51. Qc2 Qa6 52. Kh2 Be6 53. Qd2 Qb6 54. Qc2 Qd4 55. Kg2 Qe5 56. Bd3 Qb2 57. Qd1 Bd4 58. Qe1 Qc3 59. Qe2 Bd5 60. Be4 Bc4 61. Qd1 Qb2 62. Qe1 Ba6 63. Qd1 Qxf2+ 64. Kh3 Bf1+ 0-1


[Site "https://www.chess.com"]

[Event "Titled Tuesday Blitz April 18 Early 2023"]
[White "Beerdsen, Thomas"]
[Black "Shimanov, Aleksandr"]
[WhiteFideId "1030108"]
[BlackFideId "4198603"]
[WhiteElo "2547"]
[BlackElo "2631"]
[Result "1-0"]
[Round "07"]
[TimeControl "180+2"]
[Date "2023.04.18"]
[WhiteClock "0:00:29"]
[BlackClock "0:00:02"]

1. e4 e6 2. d4 d5 3. Nc3 Bb4 4. Bd2 Ne7 5. Bd3 b6 6. Nf3 Bxc3 7. bxc3 Ba6 8. h4 Bxd3 9. cxd3 Nbc6 10. h5 h6 11. g4 f6 12. Qe2 Qd7 13. a4 O-O-O 14. Bf4 Na5 15. O-O e5 16. dxe5 Qxg4+ 17. Bg3 Qxh5 18. e6 Qg4 19. c4 dxe4 20. dxe4 Qxe6 21. c5 Kb7 22. Rfc1 Rd7 23. Rab1 Rhd8 24. Qe1 Nec6 25. Nh4 Rd4 26. cxb6 cxb6 27. f3 Qh3 28. Bf2 Rd2 29. Qe3 R8d4 30. Nf5 Ne5 31. Nxd4 Rxd4 32. Rc3 Rd6 33. Qc5 Rd1+ 34. Be1 Rxe1+ 35. Kf2 Qf1+ 36. Kg3 Rxb1 37. Qc8# 1-0


[Site "https://www.chess.com"]

[Event "Titled Tuesday Blitz April 18 Early 2023"]
[White "Bryant, John Daniel"]
[Black "Kushko, Dmitriy"]
[WhiteFideId "2031280"]
[BlackFideId "14162261"]
[WhiteElo "2455"]
[BlackElo "2230"]
[Result "0-1"]
[Round "07"]
[TimeControl "180+2"]
[Date "2023.04.18"]
[WhiteClock "0:00:02"]
[BlackClock "0:00:39"]

1. e4 g6 2. d4 Bg7 3. Nf3 d6 4. Bc4 Nc6 5. h3 Nf6 6. Nc3 O-O 7. O-O Nxe4 8. Bxf7+ Rxf7 9. Nxe4 d5 10. Neg5 Rf8 11. Re1 Qd6 12. Qe2 Nxd4 13. Nxd4 Bxd4 14. Nf3 Bf6 15. Bh6 Re8 16. Ne5 Bf5 17. f4 d4 18. Rad1 Qd5 19. b3 c5 20. Qf2 Rad8 21. Rd2 Rd6 22. g4 Bc8 23. Rde2 b6 24. g5 Bb7 25. Kh2 Bh8 26. Ng4 d3 27. cxd3 Bd4 28. Qg3 Bc3 29. Nf6+ Bxf6 30. gxf6 Rxf6 31. Rxe7 Rxe7 32. f5 Re2+ 33. Rxe2 Qh1# 0-1


[Site "https://www.chess.com"]

[Event "Titled Tuesday Blitz April 18 Early 2023"]
[White "Deac, Bogdan-Daniel"]
[Black "Galchenko, Matvey"]
[WhiteFideId "1226380"]
[BlackFideId "24175480"]
[WhiteElo "2649"]
[BlackElo "2423"]
[Result "1-0"]
[Round "07"]
[TimeControl "180+2"]
[Date "2023.04.18"]
[WhiteClock "0:00:02"]
[BlackClock "0:00:03"]

1. b3 e5 2. Bb2 Nc6 3. Nf3 e4 4. Nd4 d5 5. e3 Nxd4 6. Bxd4 Nf6 7. c4 dxc4 8. Bxc4 Bd6 9. Nc3 Bf5 10. f3 O-O 11. O-O Bg6 12. f4 Bf5 13. Ne2 h5 14. Ng3 Bg4 15. Qe1 Re8 16. h3 Bd7 17. Bxf6 Qxf6 18. Nxh5 Qg6 19. g4 Rad8 20. Kg2 Bc8 21. Ng3 Bb4 22. Rd1 c6 23. g5 b5 24. Be2 Qd6 25. Bg4 Bb7 26. h4 Bxd2 27. Qe2 Qd3 28. Qxd3 Rxd3 29. Be2 Rdd8 30. Kf2 a6 31. a4 bxa4 32. bxa4 c5 33. Bc4 Bc6 34. Ke2 Bb4 35. Rxd8 Rxd8 36. Rd1 Rxd1 37. Kxd1 Bxa4+ 38. Ke2 a5 39. Nxe4 Kf8 40. Nd6 f6 41. gxf6 gxf6 42. h5 Bc2 43. Bd3 Bxd3+ 44. Kxd3 a4 45. Kc4 Kg7 46. Nf5+ Kh7 47. e4 Bd2 48. e5 Bxf4 49. e6 1-0


[Site "https://www.chess.com"]

[Event "Titled Tuesday Blitz April 18 Early 2023"]
[White "Terry, Renato"]
[Black "Nagy, Gabor"]
[WhiteFideId "3803457"]
[BlackFideId "737119"]
[WhiteElo "2575"]
[BlackElo "2514"]
[Result "1-0"]
[Round "07"]
[TimeControl "180+2"]
[Date "2023.04.18"]
[WhiteClock "0:00:07"]
[BlackClock "0:00:05"]

1. d4 d5 2. Bg5 f6 3. Bf4 Nc6 4. Nf3 Bg4 5. Nbd2 g5 6. Bg3 h5 7. h4 Bxf3 8. Nxf3 g4 9. Ng1 e5 10. e3 Bd6 11. Ne2 Nh6 12. c3 Nf5 13. dxe5 Bxe5 14. Qd3 Nxg3 15. Qg6+ Kf8 16. fxg3 Qe7 17. O-O-O Rd8 18. Qd3 Kg7 19. Nf4 Bxf4 20. gxf4 Rhe8 21. Re1 d4 22. Qf5 dxc3 23. Bd3 Kf8 24. Qxh5 Qb4 25. Qh8+ Ke7 26. Qg7+ Ke6 27. Qxg4+ Kd6 28. Qe2 Kc5 29. Rd1 cxb2+ 30. Kb1 a5 31. h5 a4 32. Qc2+ Kb6 33. Qxb2 Qxb2+ 34. Kxb2 Rxe3 35. h6 Rg3 36. Be4 Rh8 37. a3 Na5 38. Rd4 Kc5 39. Rd5+ Kb6 40. Rd4 Kc5 41. Rxa4 Nc4+ 42. Ka2 b5 43. Ra6 Kd4 44. Bf3 Rg6 45. h7 Rg7 46. Rd1+ Kc3 47. Be4 f5 48. Rd3+ Kc2 49. Bxf5 Kc1 50. Re6 Rxg2+ 51. Kb3 Rb2+ 52. Kc3 Rc2+ 53. Kb4 Rb2+ 54. Kc5 Nb6 55. Re1+ Kc2 56. Re2+ Kc1 57. Rc3+ Kd1 58. Rxb2 Na4+ 59. Kb4 Nxb2 60. Rxc7 Nc4 61. Rxc4 bxc4 62. Kxc4 Kd2 63. Kd5 Ke3 64. Ke5 Ra8 65. Be6 Rh8 66. Bg8 Kf3 67. f5 Kg4 68. f6 Kg5 69. f7 Rxg8 70. hxg8=Q+ Kh6 71. f8=Q+ Kh5 72. Qf5+ Kh4 73. Qfg4# 1-0


[Site "https://www.chess.com"]

[Event "Titled Tuesday Blitz April 18 Early 2023"]
[White "Csonka, Balazs"]
[Black "Narayanan.S.L"]
[WhiteFideId "742910"]
[BlackFideId "5058422"]
[WhiteElo "2404"]
[BlackElo "2547"]
[Result "0-1"]
[Round "07"]
[TimeControl "180+2"]
[Date "2023.04.18"]
[WhiteClock "0:00:01"]
[BlackClock "0:01:12"]

1. d4 Nf6 2. c4 c5 3. d5 e6 4. Nc3 exd5 5. cxd5 d6 6. Nf3 a6 7. a4 Qe7 8. h3 Nbd7 9. Bf4 g6 10. e3 Bg7 11. Be2 O-O 12. O-O Ne8 13. a5 Rb8 14. Ra3 b5 15. axb6 Rxb6 16. Rb3 Rb4 17. Rxb4 cxb4 18. Na4 Nef6 19. Nd4 Ne4 20. Nc6 Qf6 21. Nxb4 Ndc5 22. Nc6 g5 23. Bh2 Bf5 24. Nxc5 Nxc5 25. b4 Ne4 26. Bxa6 Nc3 27. Qd4 Ra8 28. Qxf6 Bxf6 29. Bc4 Be4 30. Bxd6 Nxd5 31. Bxd5 Bxd5 32. Ne7+ Bxe7 33. Bxe7 h6 34. f3 Ra2 35. e4 Bb7 36. Rc1 Kg7 37. Rc7 Ba6 38. Rc6 Bd3 39. Bf6+ Kh7 40. Rc8 Kg6 41. e5 Kf5 42. Rh8 Kf4 43. Kh2 Bf1 44. Kg1 Bxg2 45. Rxh6 Kg3 46. Bxg5 Ra1+ 0-1


[Site "https://www.chess.com"]

[Event "Titled Tuesday Blitz April 18 Early 2023"]
[White "Iliaguev, Nisim"]
[Black "Drozdowski, Kacper"]
[WhiteFideId "2817276"]
[BlackFideId "1136720"]
[WhiteElo "2241"]
[BlackElo "2497"]
[Result "0-1"]
[Round "07"]
[TimeControl "180+2"]
[Date "2023.04.18"]
[WhiteClock "0:00:08"]
[BlackClock "0:00:33"]

1. d4 Nf6 2. Nf3 g6 3. g3 Bg7 4. Bg2 O-O 5. O-O d5 6. Ne5 Nbd7 7. c4 dxc4 8. Nxc4 Nb6 9. Nxb6 axb6 10. Nc3 c6 11. e4 b5 12. h3 b4 13. Ne2 Qa5 14. Be3 Rd8 15. Qd2 e5 16. a3 exd4 17. axb4 dxe3 18. Qxe3 Qxa1 19. Rxa1 Rxa1+ 20. Kh2 Re8 21. Nc3 Be6 22. b5 cxb5 23. e5 Nd7 24. f4 b4 25. Nd5 Ra2 26. Nc7 Rxb2 27. Qd4 Rxg2+ 28. Kxg2 Rd8 29. Nxe6 fxe6 30. Qxb4 Nf8 31. Qxb7 h5 32. h4 Rd2+ 33. Kh3 Rd3 34. Qe4 Rd7 35. Qc6 Kf7 36. Qb5 Re7 37. g4 hxg4+ 38. Kxg4 Kg8 39. h5 gxh5+ 40. Kxh5 Rf7 41. Qc4 Rf5+ 42. Kg4 Kh7 43. Qxe6 Nxe6 44. Kxf5 Nf8 45. e6 Ng6 46. Kg5 Ne7 47. f5 Nd5 48. Kg4 Bf6 49. Kf3 Ne7 50. Ke4 Kh6 0-1


[Site "https://www.chess.com"]

[Event "Titled Tuesday Blitz April 18 Early 2023"]
[White "Steinberg, Nitzan"]
[Black "Aradhya, Garg"]
[WhiteFideId "2801795"]
[BlackFideId "25006746"]
[WhiteElo "2486"]
[BlackElo "2263"]
[Result "0-1"]
[Round "07"]
[TimeControl "180+2"]
[Date "2023.04.18"]
[WhiteClock "0:00:15"]
[BlackClock "0:00:51"]

1. d4 d5 2. Nf3 Nf6 3. Bf4 c5 4. e3 Nc6 5. Nbd2 Nh5 6. Be5 e6 7. c3 f6 8. Bg3 cxd4 9. exd4 Bd6 10. Bxd6 Qxd6 11. Bb5 O-O 12. Nb3 e5 13. Nxe5 Nf4 14. Nd3 Nxg2+ 15. Kf1 Bh3 16. Kg1 Nh4 17. Qh5 g5 18. Re1 Bf5 19. Nbc5 b6 20. Na6 Be4 21. Re3 Rae8 22. Nab4 Nxb4 23. Nxb4 Re7 24. Qe2 Nf5 25. Nc6 Re6 26. Rxe4 Rxe4 27. Qd2 Nh4 28. Kf1 a6 29. Bd3 Qxc6 30. Bxe4 dxe4 31. Qe2 Qb5 32. Qxb5 axb5 33. Ke2 Nf3 34. Rd1 Rd8 35. d5 Kf7 36. Ke3 f5 37. d6 Ke6 0-1


[Site "https://www.chess.com"]